Map: Dusk Towers

Players

TaxFree

  • Race: Terran Terran
  • League: Bronze

Fayt

  • Race: Terran Terran

Sepitys

  • Race: Protoss Protoss

CaveMan

  • Race: Protoss Protoss

VOD

Have the link to the VOD?

Description

Time

  • Played on: Nov. 11, 2015, 3:50 p.m.
  • Length: 14:58
Show
View Real Time Build Order
Export as new Build Order

TaxFree Terran 

Build Orders: MMM Bio 

Get SALT Encoding   

  12  0:00  SCV  
  13  0:13  SCV  
  14  0:19  Supply Depot  
  14  0:25  SCV  
  15  0:40  SCV  
  15  0:42  Barracks  
  16  0:52  SCV  
  17  1:04  SCV  
  17  1:11  Refinery  
  18  1:16  SCV  
  19  1:19  Barracks  
  19  1:28  SCV  
  19  1:29  Marine  
  19  1:32  Supply Depot  
  21  1:41  SCV  
  21  1:46  Marine  
  22  1:54  SCV  
  24  1:56  Supply Depot, Bunker  
  24  2:05  Barracks Tech Lab  
  24  2:07  Barracks Reactor  
  24  2:12  Orbital Command  
  24  2:27  Concussive Shells  
  24  2:30  Marine  
  24  2:41  Command Center  
  24  2:47  SCV  
  24  2:50  Marine  
  24  2:51  Marine  
  27  2:58  Marauder  
  29  3:01  SCV  
  29  3:05  Refinery  
  30  3:13  Factory  
  30  3:23  Marine x2, Marauder  
  34  3:35  Supply Depot  
  34  3:40  SCV  
  35  3:46  Supply Depot  
  35  3:52  SCV  
  35  3:55  Orbital Command  
  36  3:58  Starport  
  36  4:04  SCV  
  36  4:06  Factory Reactor  
  36  4:08  Marine  
  38  4:11  Marauder  
  38  4:16  SCV  
  41  4:21  SCV  
  42  4:24  Stimpack  
  42  4:28  SCV  
  42  4:31  Refinery  
  43  4:33  SCV, Liberator  
  44  4:50  SCV  
  44  4:51  SCV  
  49  4:55  Barracks  
  49  4:59  Refinery  
  49  5:00  Marine, Marauder  
  49  5:02  SCV  
  49  5:03  SCV  
  54  5:14  SCV  
  54  5:15  SCV  
  54  5:18  Marine x2  
  58  5:21  Marauder  
  58  5:26  SCV  
  58  5:28  SCV  
  62  5:35  Viking x2  
  66  5:36  Engineering Bay  
  66  5:43  Factory Tech Lab  
  66  5:44  SCV  
  66  5:45  SCV  
  66  5:46  Barracks, Marine  
  66  5:47  Marine  
  70  5:51  Supply Depot  
  70  5:57  Supply Depot  
  70  6:02  Supply Depot  
  70  6:08  Missile Turret  
  70  6:09  Marine  
  70  6:11  SCV  
  70  6:12  Marine  
  70  6:13  SCV  
  68  6:24  SCV  
  68  6:25  SCV  
  65  6:37  SCV x2, Missile Turret  
  65  6:38  Missile Turret  
  64  6:48  Medivac x2  
  64  6:49  SCV x2, Marine  
  64  6:52  Marine  
  72  7:01  SCV x2  
  73  7:07  Marine  
  75  7:09  Barracks Tech Lab  
  75  7:16  Barracks Reactor  
  75  7:17  Terran Infantry Weapons Level 1  
  75  7:18  Marine x2  
  75  7:21  Armory  
  77  7:24  Marine  
  78  7:36  Engineering Bay  
  78  7:40  Medivac x2  
  78  7:41  Missile Turret  
  78  7:43  SCV, Marauder  
  78  7:44  SCV  
  86  7:52  Siege Tank  
  86  7:53  Combat Shields  
  86  7:56  SCV x2  
  91  8:03  Command Center  
  91  8:04  Marauder  
  93  8:07  Terran Infantry Armor Level 1  
  93  8:08  SCV  
  94  8:19  Terran Vehicle And Ship Armor Level 1  
  94  8:42  Supply Depot  
  94  8:46  Supply Depot  
  94  8:49  Supply Depot  
  94  8:51  Supply Depot  
  94  9:03  Marauder x2, Medivac, Marine x2  
  94  9:07  Marine x2  
  94  9:08  SCV x2, Siege Tank  
  109  9:20  SCV x2  
  109  9:21  Marine x2  
  113  9:25  Marauder  
  115  9:32  SCV x2  
  117  9:38  Missile Turret  
  117  9:42  Marine x3  
  117  9:43  Refinery, Marine x2  
  117  9:44  SCV  
  123  9:46  Refinery, Marine  
  123  9:52  Orbital Command  
  124  9:55  SCV  
  124  9:56  SCV  
  126  10:00  Missile Turret  
  126  10:01  Marauder  
  126  10:04  Marauder  
  130  10:07  SCV  
  130  10:10  Medivac x2  
  130  10:12  Siege Tank  
  132  10:15  Marine  
  132  10:16  Marine x3  
  129  10:22  Marauder  
  129  10:23  Missile Turret  
  129  10:25  Marauder  
  127  10:33  Marine x2  
  127  10:34  Command Center, Marine x2  
  131  10:37  Supply Depot  
  131  10:56  Marine x2, Marauder x2  
  131  10:57  Marine x2  
  137  10:58  Viking x2  
  137  10:59  Supply Depot  
  143  11:07  Supply Depot  
  143  11:08  Terran Ship Weapons Level 1  
  143  11:09  Terran Infantry Weapons Level 2  
  142  11:14  Marine  
  142  11:17  Marauder x2  
  146  11:23  Supply Depot  
  146  11:28  Viking x2  
  146  11:31  Terran Infantry Armor Level 2  
  154  11:47  Supply Depot, Marauder x2  
  154  11:49  Marine x3  
  154  11:50  Marine  
  154  11:53  Orbital Command  
  158  11:58  Thor, Viking x2  
  168  12:03  SCV x2  
  170  12:34  Marauder  
  170  12:35  Marine x5  
  177  12:38  Viking x2  
  177  12:40  Thor  
  177  12:41  Missile Turret  
  187  12:46  Orbital Command  
  187  12:52  Barracks  
  187  12:57  Marauder x2  
  187  12:58  Refinery, Marine x4  
  191  13:02  Refinery, Missile Turret, Terran Vehicle Weapons Level 1  
  195  13:16  Marine  
  196  13:23  Command Center  
  196  13:41  Barracks  
  196  14:07  Siege Tank, Marauder  
  196  14:10  Marauder  
  196  14:11  Marine x3  
  170  14:30  Barracks  
Show
View Real Time Build Order
Export as new Build Order

Fayt Terran 

Build Orders:  

Get SALT Encoding   

  12  0:02  Probe (Chrono Boost)  
  13  0:13  Pylon  
  13  0:18  Probe (Chrono Boost)  
  14  0:29  Probe (Chrono Boost)  
  15  0:39  Probe (Chrono Boost)  
  15  0:41  Gateway  
  16  0:50  Probe (Chrono Boost)  
  16  0:51  Assimilator  
  17  1:00  Probe (Chrono Boost)  
  18  1:10  Pylon  
  18  1:11  Probe (Chrono Boost)  
  19  1:30  Cybernetics Core  
  19  1:33  Probe (Chrono Boost)  
  20  1:43  Probe (Chrono Boost), Zealot  
  23  1:51  Assimilator  
  24  1:54  Probe (Chrono Boost)  
  24  2:05  Probe (Chrono Boost)  
  24  2:25  Adept, Nexus  
  26  2:30  Probe (Chrono Boost)  
  26  2:36  Gateway  
  27  2:40  Probe (Chrono Boost)  
  28  2:45  Pylon  
  28  2:46  Warp Gate (Chrono Boost)  
  28  2:52  Adept  
  30  2:59  Probe  
  31  3:11  Probe, Pylon  
  32  3:21  Stargate  
  32  3:26  Sentry  
  34  3:30  Stalker  
  36  3:36  Probe  
  37  3:43  Probe  
  37  3:47  Probe  
  39  3:57  Probe  
  40  4:02  Assimilator  
  40  4:06  Probe  
  40  4:08  Probe  
  42  4:18  Probe  
  42  4:21  Probe  
  42  4:30  Probe  
  43  4:32  Probe, Gateway  
  43  4:34  Gateway  
  43  4:37  Oracle (Chrono Boost)  
  47  4:38  Pylon  
  47  4:48  Probe  
  49  4:56  Mothership Core  
  49  4:58  Probe  
  50  5:05  Forge  
  51  5:09  Probe, Oracle (Chrono Boost)  
  51  5:13  Pylon x2  
  55  5:27  Robotics Facility  
  55  5:35  Probe  
  56  5:37  Probe  
  56  5:40  Protoss Ground Weapons Level 1 (Chrono Boost)  
  56  5:41  Assimilator  
  57  5:47  Probe x2  
  59  6:03  Nexus  
  59  6:07  Assimilator  
  59  6:12  Assimilator  
  59  6:14  Stalker  
  59  6:15  Stalker x3  
  53  6:40  Probe  
  53  6:42  Pylon  
  54  6:51  Probe  
  55  7:01  Probe  
  55  7:04  Probe  
  57  7:12  Probe  
  58  7:16  Probe  
  59  7:22  Probe  
  59  7:27  Stalker x2  
  59  7:28  Stalker x2, Probe  
  69  7:33  Probe  
  70  7:39  Pylon  
  70  7:40  Probe  
  70  7:42  Pylon  
  70  7:43  Probe  
  71  7:45  Pylon  
  71  7:49  Protoss Ground Armor Level 1 (Chrono Boost)  
  72  7:52  Probe  
  72  7:54  Probe  
  72  7:58  Stalker x4  
  82  8:04  Probe x2  
  81  8:15  Probe  
  82  8:29  Robotics Bay  
  80  8:37  Zealot x2, Pylon x2  
  80  8:38  Probe, Zealot x2  
  80  8:40  Probe  
  89  8:47  Probe  
  91  8:48  Probe  
  91  8:50  Probe  
  93  8:59  Probe x2  
  95  9:03  Gateway  
  95  9:05  Gateway  
  95  9:09  Probe  
  95  9:10  Sentry x4  
  104  9:20  Probe  
  105  9:27  Twilight Council  
  105  9:39  Gateway  
  105  9:41  Zealot x4  
  113  9:46  Colossus (Chrono Boost)  
  113  9:50  Extended Thermal Lance  
  111  10:15  Zealot x5  
  111  10:16  Zealot  
  114  11:00  Zealot x5  
  114  11:01  Zealot  
  124  11:21  Forge  
  113  11:33  Stalker x4  
  116  11:59  Stalker  
  116  12:00  Stalker  
  116  12:01  Stalker x3  
  126  12:10  Pylon  
  124  12:32  Zealot x3  
  124  12:33  Zealot x4  
  138  12:38  Colossus (Chrono Boost)  
  144  12:44  Nexus  
  144  12:51  Pylon  
  144  12:52  Probe  
  144  12:55  Probe  
  146  13:03  Probe  
  146  13:04  Charge  
  147  13:08  Probe x2  
  149  13:13  Probe  
  149  13:17  Stalker x6  
  149  13:18  Stalker  
  164  13:20  Probe  
  165  13:28  Pylon  
  165  13:31  Pylon  
  165  13:32  Pylon x2  
  165  13:34  Pylon  
  165  13:35  Pylon  
  165  13:44  Probe  
  166  13:55  Stalker x5, Probe  
  126  14:22  Zealot  
  126  14:23  Zealot x5  
  92  14:24  Zealot  
Show
View Real Time Build Order
Export as new Build Order

Sepitys Protoss 

Build Orders:  

Get SALT Encoding   

Show
View Real Time Build Order
Export as new Build Order

CaveMan Protoss 

Build Orders:  

Get SALT Encoding   

Tags
 
Add a new tag
Caveats
  • Supply blocks, unpowered buildings, or Contaminate may cause inaccurate times.
  • Supply counts are checked every 10 seconds.